 Dungeon Crawl Stone Soup version 0.17-a0-1479-g4041c36 (webtiles) character file.

9203 Parakulo the Blocker (level 11, -2/80 HPs)
             Began as a Formicid Fighter on July 3, 2015.
             Was the Champion of Makhleb.
             Slain by a skeletal warrior
             ... wielding a +2 trident of venom
              (18 damage)
             ... on level 11 of the Dungeon.
             The game lasted 00:49:49 (13166 turns).

Parakulo the Blocker (Formicid Fighter)            Turns: 13166, Time: 00:49:49

Health: -2/80      AC: 13    Str: 21    XL:     11   Next: 70%
Magic:  0/16       EV:  6    Int:  8    God:    Makhleb [******]
Gold:   1313       SH: 13    Dex: 13    Spells: 0 memorised, 10 levels left

rFire  . . .     SeeInvis +     a - +3 trident
rCold  . . .     Clarity  .     E - +0 plate armour
rNeg   . . .     SustAt   .     c - +0 shield
rPois  +         Gourm    .     (helmet unavailable)
rElec  .         Spirit   +     p - +1 cloak
rCorr  .         Warding  .     (no gloves)
rMut   .         Stasis   +     (no boots)
MR     +....                    h - amulet of guardian spirit
Stlth  ..........               (no ring)
                                n - ring of poison resistance

@: very slightly contaminated, somewhat resistant to hostile enchantments,
extremely unstealthy
A: permanent stasis, dig shafts and tunnels, four strong arms, antennae 3, beak,
frail 1
a: Dig, Shaft Self, Minor Destruction, Lesser Servant of Makhleb, Major
Destruction, Greater Servant of Makhleb, Renounce Religion


You were on level 11 of the Dungeon.
You worshipped Makhleb.
Makhleb was exalted by your worship.
You were very hungry.

You visited 3 branches of the dungeon, and saw 15 of its levels.

You collected 1403 gold pieces.
You spent 90 gold pieces at shops.

Inventory:

Hand weapons
 a - a +3 trident (weapon)
 b - a +1 halberd
 q - a +0 blowgun
Missiles
 r - 2 javelins of returning (quivered)
 u - 3 javelins
 v - 6 curare-tipped needles
 H - 55 poisoned needles
Armour
 c - a +0 shield (worn)
 k - a +2 leather armour of magic resistance
 p - a +1 cloak (worn)
 E - a +0 plate armour (worn)
Magical staves
 d - an uncursed staff of wizardry
Jewellery
 g - an uncursed ring of flight
 h - an amulet of guardian spirit (around neck)
 i - the ring of Nacusoff {+Blink rElec Str-3 Dex-4 Stlth-}
   (You found it on level 10 of the Dungeon)

   [ring of strength]

   It affects your strength (-3).
   It affects your dexterity (-4).
   It insulates you from electricity.
   It lets you blink.
   It makes you less stealthy.
 n - a ring of poison resistance (left hand)
 y - an uncursed ring of wizardry
 G - an uncursed ring of protection from fire
 I - a +2 ring of intelligence
 M - an uncursed ring of ice
Magical devices
 o - a wand of polymorph (8)
Scrolls
 j - 6 scrolls of identify
 l - 2 scrolls of enchant weapon
 s - 2 scrolls of fear
 t - a scroll of magic mapping
 w - 2 scrolls of enchant armour
 C - a scroll of amnesia
 L - 2 scrolls of remove curse
Potions
 f - 3 potions of curing
Miscellaneous
 x - a lamp of fire (inert)
Comestibles
 e - 2 bread rations
 m - 8 meat rations
 B - 6 chunks of flesh


   Skills:
 + Level 9.6 Fighting
 + Level 10.5 Polearms
 - Level 3.2 Armour
 + Level 11.9 Shields
 * Level 7.5 Invocations


You had 10 spell levels left.
You didn't know any spells.

Dungeon Overview and Level Annotations

Branches:
Dungeon (11/15)            Temple (1/1) D:6             Orc (3/4) D:9
   Lair: D:8-11         Elf: Orc:3-4

Altars:
Ashenzari
Cheibriados
Dithmenos
Elyvilon
Fedhas
Gozag
Kikubaaqudgha
Makhleb
Nemelex Xobeh
Okawaru
Qazlal
Ru
Sif Muna
Trog
Vehumet
Xom
Yredelemnul
Zin
The Shining One

Shops:
D:4 [   D:5 !   D:11 :

Annotations:
Orc:3 Parakulo's ghost, powerful FoFi


Innate Abilities, Weirdness & Mutations

You are under a permanent stasis effect.
You can dig through walls and to a lower floor.
Your four strong arms can wield two-handed weapons with a shield.
You have a pair of large antennae on your head (SInv).
You have a beak for a mouth.
You are frail (-10% HP).


Message History

A skeletal warrior comes into view. It is wielding a glaive.
Drink which item? (? for menu, Esc to quit)
Okay, then.
Read which item? (? for menu, Esc to quit)
Okay, then.
Evoke which item? (* to show all) (? for menu, Esc to quit)
Okay, then.
Use which ability? (? or * to list) Are you sure you want to shaft yourself?
You are feeling very hungry.
You flicker back into view.
The sheep bellows! x2
You block the spiny frog's attack.
You block the skeletal warrior's attack.
You sense a monster nearby.
You begin to dig a shaft.
You continue digging a shaft.
The sheep bellows!
You block the spiny frog's attack.
The skeletal warrior hits you with a trident of venom!!
You die...

......Z..####..#...
..............#....
......<.# ## #.. .(.
....x...........#
#.###########.#
........#####. ..
#..........(..# >.......#
#..#y ##.YY).#
.........####..{†###.g###.#
.............. ##zY).## #{#
.......###.....#@F####
#{{{{.... .......# #{{y#.##
####..... {#.z.### .... {
###...# ... { #<..#...# {
{Y. #.#####{# { {. { ###.#
.# ..# ##...# .. ..###..###
#


You could see 2 skeletal warriors, a spiny frog, 3 sheep and a gnoll (fleeing).

Vanquished Creatures
  A skeletal warrior (D:10)
  An unseen horror (D:10)
  An orc knight (Orc:2)
  A two-headed ogre (D:9)
  Sigmund (D:3)
  4 yaks (D:10)
  A wyvern (D:8)
  A hungry ghost (D:10)
  Edmund (D:4)
  2 porcupines (D:11)
  5 wargs
  A water moccasin (D:7)
  2 wasps
  A sky beast (D:8)
  2 black bears
  4 centaurs
  An ice beast (D:5)
  3 phantoms
  7 orc warriors
  A necrophage (D:8)
  7 ogres
  2 big kobolds
  A water moccasin zombie (D:6)
  A gnoll sergeant (D:11)
  7 giant frogs
  2 scorpions
  4 killer bees (D:10)
  9 wights
  4 crimson imps
  A wasp zombie (D:10)
  2 jellies
  12 orc priests
  2 hounds
  A centaur skeleton (D:5)
  2 iguanas
  10 orc wizards
  10 worker ants
  2 worker ant zombies
  8 adders
  A river rat (D:11)
  14 gnolls
  2 shadow imps
  An adder zombie (D:5)
  3 worms
  6 giant geckos
  104 orcs
  2 ball pythons
  19 bats
  2 bat skeletons (D:4)
  3 giant cockroaches
  18 hobgoblins
  4 quokkas
  6 giant newts
  12 goblins
  6 jackals
  23 kobolds
  9 rats
363 creatures vanquished.

Notes
Turn   | Place    | Note
--------------------------------------------------------------
     0 | D:1      | Parakulo the Formicid Fighter began the quest for the Orb.
     0 | D:1      | Reached XP level 1. HP: 18/18 MP: 1/1
   150 | D:1      | Reached XP level 2. HP: 17/24 MP: 2/2
   264 | D:1      | Reached skill level 4 in Shields
   826 | D:2      | Reached XP level 3. HP: 30/30 MP: 3/3
  1470 | D:3      | Noticed Sigmund
  1531 | D:3      | Found an iron altar of Okawaru.
  1576 | D:3      | Found a sacrificial altar of Ru.
  1577 | D:3      | Found a blossoming altar of Fedhas.
  1578 | D:3      | Found an opulent altar of Gozag.
  1580 | D:3      | Found a bloodstained altar of Trog.
  1658 | D:3      | Killed Sigmund
  1658 | D:3      | Reached skill level 5 in Shields
  1658 | D:3      | Reached XP level 4. HP: 33/38 MP: 4/4
  1658 | D:3      | Reached XP level 5. HP: 37/43 MP: 5/5
  1658 | D:3      | Reached XP level 6. HP: 43/50 MP: 6/6
  1785 | D:3      | Reached skill level 5 in Fighting
  2318 | D:4      | Reached skill level 6 in Shields
  2836 | D:4      | Reached XP level 7. HP: 39/56 MP: 7/7
  2906 | D:4      | Noticed a phantom
  2906 | D:4      | Noticed an ogre
  2915 | D:4      | Killed an ogre
  2946 | D:4      | Killed a phantom
  2961 | D:4      | Noticed Edmund
  3022 | D:4      | Killed Edmund
  3022 | D:4      | Reached skill level 7 in Shields
  3299 | D:4      | Noticed a giant frog
  3307 | D:4      | Killed a giant frog
  3307 | D:4      | Reached skill level 5 in Polearms
  3307 | D:4      | Reached XP level 8. HP: 55/64 MP: 8/8
  3318 | D:4      | Noticed a scorpion
  3322 | D:4      | Killed a scorpion
  3389 | D:4      | Found Yfoxeti's Armour Shoppe.
  3882 | D:5      | Entered Level 5 of the Dungeon
  3888 | D:5      | Found a shadowy altar of Dithmenos.
  3897 | D:5      | Found Leilaupn's Distillery.
  3912 | D:5      | Bought a potion of might for 40 gold pieces
  3912 | D:5      | Bought a potion of heal wounds for 50 gold pieces
  5382 | D:6      | Found a staircase to the Ecumenical Temple.
  5390 | Temple   | Entered the Ecumenical Temple
  5449 | Temple   | Became a worshipper of Makhleb the Destroyer
  6236 | D:7      | Reached skill level 8 in Shields
  6236 | D:7      | Reached skill level 1 in Invocations
  6236 | D:7      | Reached XP level 9. HP: 64/71 MP: 9/9
  6689 | D:7      | Acquired Makhleb's first power
  6700 | D:7      | Reached skill level 9 in Shields
  6952 | D:7      | Found a snail-covered altar of Cheibriados.
  7147 | D:8      | Gained mutation: You are frail (-10% HP). [mutagenic meat]
  7148 | D:8      | Gained mutation: You are weak. (Str -2) [mutagenic meat]
  7149 | D:8      | Lost mutation: You are weak. (Str -2) [mutagenic meat]
  7151 | D:8      | Gained mutation: You have a beak for a mouth. [mutagenic meat]
  7404 | D:8      | Acquired Makhleb's second power
  7417 | D:8      | Reached XP level 10. HP: 35/71 MP: 13/13
  7846 | D:8      | Reached skill level 10 in Shields
  8097 | D:8      | Found a stormy altar of Qazlal.
  8211 | D:9      | Reached skill level 5 in Invocations
  8215 | D:9      | Acquired Makhleb's third power
  8612 | D:9      | Found a staircase to the Orcish Mines.
  9006 | Orc:1    | Entered Level 1 of the Orcish Mines
  9009 | Orc:1    | Acquired Makhleb's fourth power
  9350 | Orc:2    | Found a burning altar of Makhleb.
  9530 | Orc:2    | Acquired Makhleb's fifth power
 10124 | Orc:3    | Noticed Parakulo's ghost (powerful FoFi)
 10949 | Orc:2    | Reached XP level 11. HP: 38/78 MP: 12/15
 11185 | Orc:2    | Noticed an orc knight
 11205 | Orc:2    | Killed an orc knight
 11205 | Orc:2    | Reached skill level 11 in Shields
 11535 | Orc:3    | Noticed an orc sorcerer
 11536 | Orc:3    | Noticed an orc warlord
 11708 | D:10     | Entered Level 10 of the Dungeon
 11735 | D:10     | Got a twitching iron ring
 11736 | D:10     | Identified the cursed ring of Nacusoff {+Blink rElec Str-3 Dex-4 Stlth-} (You found it on level 10 of the Dungeon)
 11766 | D:10     | Noticed an unseen horror
 11782 | D:10     | Killed an unseen horror
 11782 | D:10     | Reached skill level 10 in Polearms
 12706 | D:11     | Noticed a skeletal warrior
 12749 | D:10     | Killed a skeletal warrior
 12879 | D:11     | Found Noeguk's Book Boutique.
 12976 | D:11     | Noticed a skeletal warrior
 13024 | D:11     | Noticed an unseen horror
 13131 | D:11     | Noticed a cyclops
 13160 | D:11     | Noticed a skeletal warrior
 13165 | D:11     | Noticed a skeletal warrior
 13166 | D:11     | Slain by a skeletal warrior

Vault maps used:
D:1:      dpeg_arrival_renting
D:2:      first_bread
D:3:      grunt_temple_overflow_open, uniq_sigmund
D:4:      serial_shops, shop, minmay_misc_feat_hallway, uniq_edmund
D:5:      serial_shops, nicolae_shop_statue_plus,
          grunt_dithmenos_smoke_and_mirrors
D:6:      minmay_temple_entry_hall
D:7:      cheibrodos_worm_habitat
D:8:      old_standard_altar
D:9:      minmay_orc_entry_guard_dogs
D:11:     dpeg_lair_monsters, serial_shops, shop_statue, shop, shop
Temple:   jpeg_temple_clearing_12
Orc:2:    bloody_makhleb
Orc:3:    nicolae_orc_pool_cavern, nicolae_orc_rockfall

Action                   |  1- 3 |  4- 6 |  7- 9 | 10-12 || total
-------------------------+-------+-------+-------+-------++-------
Melee: Trident           |   113 |    32 |   520 |   236 ||   901
       Scythe            |       |   101 |       |       ||   101
       Halberd           |       |       |       |   583 ||   583
 Fire: Blowgun           |       |       |     4 |     8 ||    12
Throw: Javelin           |     2 |     8 |    13 |       ||    23
 Abil: Dig               |       |       |       |     1 ||     1
       Shaft Self        |       |       |       |     1 ||     1
Evoke: Lamp of fire      |       |       |       |     1 ||     1
  Use: Scroll            |     4 |       |     9 |     6 ||    19
       Potion            |     1 |     1 |     3 |    14 ||    19
 Stab: Distracted        |       |       |     1 |       ||     1
       Fleeing           |       |       |     1 |       ||     1
       Invisible         |       |       |       |     2 ||     2
  Eat: Chunk             |     2 |     5 |    14 |    14 ||    35
       Bread ration      |       |       |     1 |     1 ||     2
       Beef jerky        |       |       |     1 |       ||     1
       Royal jelly       |       |       |       |     1 ||     1
